 Dungeon Crawl Stone Soup version 0.23.2-30-g0e89c35649 (webtiles) character file.

Game seed: 10735043493160230682

137 sankara the Skirmisher (level 5, -3/43 HPs)
             Began as a Demonspawn Monk on June 22, 2019.
             Slain by an orc wizard
             ... wielding a +0 dagger
              (5 damage)
             ... on level 3 of the Dungeon.
             The game lasted 00:07:50 (3078 turns).

sankara the Skirmisher (Demonspawn Monk)            Turns: 3078, Time: 00:07:51

Health: -3/43      AC:  2    Str: 12    XL:     5   Next: 0%
Magic:  0/5        EV: 13    Int: 12    God:
Gold:   144        SH:  0    Dex: 15    Spells: 4/4 levels left

rFire    . . .     SeeInvis .     - Unarmed
rCold    . . .     Gourm    .   (no shield)
rNeg     . . .     Faith    .   a - +0 robe
rPois    .         Spirit   +   (no helmet)
rElec    .         Reflect  .   (no cloak)
rCorr    .         Harm     .   (no gloves)
MR       .....                  (no boots)
Stlth    ++........             m - amulet of guardian spirit {Spirit}
HPRegen  0.14/turn              (no ring)
MPRegen  0.09/turn              (no ring)

@: no status effects
A: claws 2
a: no special abilities


You were on level 3 of the Dungeon.
You were not hungry.

You visited 1 branch of the dungeon, and saw 3 of its levels.

You collected 144 gold pieces.

Inventory:

Hand Weapons
 d - a +0 club
   (You took it off a goblin on level 1 of the Dungeon)
 f - a +0 club
   (You found it on level 1 of the Dungeon)
 g - a +0 club
   (You took it off a goblin on level 1 of the Dungeon)
 i - a +0 dagger
   (You found it on level 1 of the Dungeon)
 v - a +0 hunting sling
   (You took it off a goblin on level 3 of the Dungeon)
Missiles
 k - 117 stones (quivered)
Armour
 a - a +0 robe (worn)
Jewellery
 m - an amulet of guardian spirit (around neck) {Spirit}
   (You found it on level 2 of the Dungeon)
 s - an uncursed amulet of the gourmand {Gourm, !d}
   (You found it on level 3 of the Dungeon)
Wands
 o - a wand of random effects (13)
   (You found it on level 2 of the Dungeon)
Scrolls
 l - 2 scrolls of fog {unknown}
 q - a scroll of amnesia {unknown}
 t - a scroll of teleportation {unknown}
 u - a scroll of blinking {unknown}
Potions
 c - a potion of might {unknown}
 e - a potion of mutation {unknown}
 h - a potion of magic {unknown}
 j - 4 potions of curing {unknown}
 n - a potion of heal wounds {unknown}
 r - a potion of flight {unknown}
Comestibles
 b - 8 rations
 p - 2 chunks of flesh {@w0}


   Skills:
 + Level 4.4 Fighting
 - Level 3.0 Dodging
 - Level 1.7 Stealth
 + Level 4.0 Unarmed Combat


You had 4 spell levels left.
You didn't know any spells.
Your spell library was empty.

Dungeon Overview and Level Annotations

Branches:
Dungeon (3/15)

Altars:
Uskayaw
Zin


Innate Abilities, Weirdness & Mutations

You have very sharp fingernails.


Message History

The bat closely misses you.
You barely miss the orc. The bat hits you but does no damage.
The bat closely misses you. The orc hits you but does no damage.
You barely miss the orc. The bat hits you but does no damage. x2
The orc closely misses you.
You scratch the orc but do no damage. The bat closely misses you.
The orc closely misses you. The bat barely misses you.
You claw the orc!
You kill the orc!
The bat closely misses you.
You claw the rat!
You kill the rat!
The bat misses you. The bat closely misses you.
The bat hits you but does no damage. x2
Items here: ) [ ††† a +2 dagger of speed; a +0 scale mail; a rat corpse; an orc corpse x2
An orc comes into view. It is wielding a +0 flail.
An orc wizard comes into view. It is wielding a +0 dagger.
The bat barely misses you.
You miss the bat.
The orc shouts!
The orc wizard shouts!
The bat misses you.
The orc wizard begins to cast a cantrip, but forgets the words!
The bat closely misses you. The bat hits you but does no damage.
Items here: ) [ ††† a +2 dagger of speed; a +0 scale mail; a rat corpse; an orc corpse x2
The bat hits you but does no damage.
You closely miss the bat. The bat closely misses you.
The bat barely misses you.
You claw the bat!
You kill the bat!
You barely miss the orc. The orc hits you but does no damage.
You barely miss the orc. You claw the orc.
The orc is moderately wounded.
The orc hits you with a +0 dagger of speed.
You scratch the orc but do no damage.
The orc is moderately wounded.
The orc misses you.
You closely miss the orc.
The orc is moderately wounded.
The orc hits you with a +0 dagger of speed. x2
You scratch the orc but do no damage.
The orc is lightly wounded.
The orc hits you with a +0 dagger of speed.
You closely miss the orc.
The orc is lightly wounded.
The orc hits you but does no damage.
You claw the orc!
You kill the orc!
You claw the orc!
You kill the orc!
You have reached level 5!
The orc wizard gestures at you while chanting.
The puff of frost hits you.
The orc wizard hits you but does no damage.
Items here: ))) [[ †††† You scratch the orc wizard.
The orc wizard is lightly wounded.
The orc wizard misses you.
You miss the orc wizard.
The orc wizard is lightly wounded.
The orc wizard barely misses you.
You miss the orc wizard.
The orc wizard is lightly wounded.
The orc wizard barely misses you.
You barely miss the orc wizard.
The orc wizard is lightly wounded.
The orc wizard looks braver for a moment.
You scratch the orc wizard.
The orc wizard is moderately wounded.
The orc wizard closely misses you.
You scratch the orc wizard but do no damage.
The orc wizard is moderately wounded.
The orc wizard completely misses you.
You scratch the orc wizard but do no damage.
The orc wizard is moderately wounded.
The orc wizard casts a spell.
The orc wizard seems to speed up.
You scratch the orc wizard.
The orc wizard is moderately wounded.
The orc wizard points at you and mumbles some strange words.
The puff of frost hits you!
* * * LOW HITPOINT WARNING * * *
You barely miss the orc wizard.
The orc wizard is moderately wounded.
The orc wizard closely misses you. The orc wizard misses you.
You closely miss the orc wizard.
The orc wizard is moderately wounded.
The orc wizard points at you and mumbles some strange words.
The magic dart hits you.
* * * LOW HITPOINT WARNING * * *
You completely miss the orc wizard.
The orc wizard is moderately wounded.
The orc wizard hits you but does no damage.
You scratch the orc wizard.
The orc wizard is severely wounded.
The orc wizard points at you and mumbles some strange words.
The puff of frost misses you.
The orc wizard hits you with a +0 dagger.
You die...

..# #.......# .8.8.8.
### #.......## ##.......
# #####.#..# #........ #
#.##.# #.......# #.##.##
#####......_#
##.....###.........%.#
...........#.....o......
##....#.##.#.>..........
#.####..#@#%.....8.8.8.
.. ##.#.o............ #
#.............#.#
#...##.........# # ####
####........ #........#
#........# #######..#


You could see an orc wizard.

Vanquished Creatures
  A jelly (D:3)
  A hound (D:3)
  An ooze (D:2)
  5 worms
  2 dart slugs
  A leopard gecko (D:1)
  4 orcs (D:3)
  7 bats
  A giant cockroach (D:2)
  3 hobgoblins
  5 kobolds
  A quokka (D:3)
  A ball python (D:1)
  3 frilled lizards
  8 goblins
  9 rats
53 creatures vanquished.

Notes
Turn   | Place    | Note
-------+----------+-------------------------------------------
     0 | D:1      | sankara the Demonspawn Monk began the quest for the Orb.
     0 | D:1      | Reached XP level 1. HP: 18/18 MP: 1/1
   244 | D:1      | Gained mutation: You have sharp fingernails. [demonic
                  | ancestry]
   244 | D:1      | Reached XP level 2. HP: 15/24 MP: 2/2
   619 | D:1      | Reached skill level 3 in Unarmed Combat
   670 | D:1      | Reached skill level 3 in Dodging
   988 | D:2      | Found a glowing silver altar of Zin.
  1325 | D:2      | Gained mutation: You have very sharp fingernails. [demonic
                  | ancestry]
  1325 | D:2      | Reached XP level 3. HP: 27/29 MP: 3/3
  2464 | D:3      | Reached skill level 4 in Fighting
  2464 | D:3      | Reached XP level 4. HP: 24/37 MP: 2/4
  3021 | D:3      | Found a hide-covered altar of Uskayaw.
  3024 | D:3      | Reached skill level 4 in Unarmed Combat
  3065 | D:3      | Reached XP level 5. HP: 16/43 MP: 2/5
  3074 | D:3      | HP: 6/43 [orc wizard/puff of frost (9)]
  3076 | D:3      | HP: 2/43 [orc wizard/magic dart (4)]
  3078 | D:3      | Slain by an orc wizard

Skill      XL: |  1  2  3  4 |
---------------+-------------+-----
Unarmed Combat | 3 4 |  4.0
Dodging        | 3 |  3.0
Fighting       | 4 |  4.4
Stealth        | |  1.7

Action                   |  1- 3 |  4- 6 || total
-------------------------+-------+-------++-------
Melee: Unarmed           |   130 |    69 ||   199
       Punch             |     4 |     1 ||     5
Throw: Stone             |     6 |       ||     6
 Stab: Sleeping          |     4 |     2 ||     6
  Eat: Chunk             |     5 |     2 ||     7
Armor: Robe              |    19 |    17 ||    36
Dodge: Dodged            |    59 |    56 ||   115

Levels and vault maps discovered:
D:1:      ncdulo_lavacross, layout_loops_ring
D:2:      minmay_inner_zag, layout_rooms, lemuel_round_altar, first_ration
D:3:      layout_rooms, eat_drink_and_be_merry_uskayaw,
          chequers_temple_overflow_minitemple, trog_wizard

Table legend:
 A = Turns spent in this place as a percentage of turns spent in the entire game.
 B = Non-inter-level travel turns spent in this place as a percentage of non-inter-level travel turns spent in the entire game.
 C = Inter-level travel turns spent in this place as a percentage of turns spent in this place.
 D = Turns resting spent in this place as a percentage of non-inter-level travel turns spent in this place.
 E = Turns spent auto-exploring this place as a percentage of non-inter-level travel turns spent in this place.
 F = Non-inter-level travel turns spent in this place divided by the number of levels of this place that you've seen.
                   A       B       C       D       E      F
               +-------+-------+-------+-------+-------+----------------------
         Total | 100.0 | 100.0 |   3.7 |  39.8 |  40.5 | 987.7
       Dungeon | 100.0 | 100.0 |   3.7 |  39.8 |  40.5 | 987.7
               +-------+-------+-------+-------+-------+----------------------

Table legend:
 A = Kills in this place as a percentage of kills in entire the game.
 B = Kills by you in this place as a percentage of kills by you in the entire game.
 C = Kills by friends in this place as a percentage of kills by friends in the entire game.
 D = Other kills in this place as a percentage of other kills in the entire game.
 E = Experience gained in this place as a percentage of experience gained in the entire game.
 F = Experience gained in this place divided by the number of levels of this place that you have seen.
                   A       B       C       D       E      F
               +-------+-------+-------+-------+-------+----------------------
         Total | 100.0 | 100.0 |   N/A |   N/A | 100.0 |  65.7
       Dungeon | 100.0 | 100.0 |   N/A |   N/A | 100.0 |  65.7
               +-------+-------+-------+-------+-------+----------------------
